| TOP OF THE 1ST |
|
Idaho Falls Chukars batting - Pitching for Tucson Tarantulas : RHP James Baldwin
|
|
Pitching: RHP James Baldwin
|
|
|
Batting: RHB Dax Jones
|
0-0: Ground out 6-3 (Groundball, 56, EV 78.1 MPH)
|
|
Batting: LHB Dwight Smith
|
0-0: Foul Ball, location: 2F 0-1: Ground out 5-3 (Groundball, 5L, EV 85.6 MPH)
|
|
Batting: LHB Rico Brogna
|
0-0: Foul Ball, location: 2F 0-1: Ball 1-1: Swinging Strike 1-2: Strikes out looking
|
| Top of the 1st over - 0 runs, 0 hits, 0 errors, 0 left on base; Idaho Falls 0 - Tucson 0 |
| BOTTOM OF THE 1ST |
|
Tucson Tarantulas batting - Pitching for Idaho Falls Chukars : RHP Bill Sampen
|
|
Pitching: RHP Bill Sampen
|
|
|
Batting: RHB Barry Wesson
|
0-0: Ball 1-0: Ground out U3 (Groundball, 34, EV 77.5 MPH)
|
|
Batting: RHB Ray Holbert
|
0-0: SINGLE (Groundball, 6MD, EV 103.1 MPH)
|
|
Batting: SHB Tony Clark
|
0-0: Ball 1-0: Ball 2-0: Ball 3-0: Base on Balls Ray Holbert to second
|
|
Batting: RHB Dave McCarty
|
0-0: Called Strike 0-1: Called Strike 0-2: Ball 1-2: Strikes out swinging
|
|
Batting: RHB Jack Voigt
|
0-0: Foul Ball, location: 2F 0-1: Called Strike 0-2: Ball 1-2: Ground out 3-1 (Groundball, 34, EV 80.6 MPH)
|
| Bottom of the 1st over - 0 runs, 1 hit, 0 errors, 2 left on base; Idaho Falls 0 - Tucson 0 |
| TOP OF THE 2ND |
|
Idaho Falls Chukars batting - Pitching for Tucson Tarantulas : RHP James Baldwin
|
|
Batting: RHB Mark Lewis
|
0-0: Swinging Strike 0-1: Ball 1-1: Ball 2-1: Called Strike 2-2: Ball 3-2: Strikes out looking
|
|
Batting: SHB Marcus Jensen
|
0-0: Called Strike 0-1: Ball 1-1: Foul Ball, location: 2F 1-2: Ball 2-2: Ball 3-2: Foul Ball, location: 2F 3-2: Base on Balls
|
|
Batting: LHB Darren Daulton
|
0-0: Ball 1-0: Called Strike 1-1: Fly out, F8 (Flyball, 89M, EV 90.6 MPH)
|
|
Batting: RHB Dave Hajek
|
0-0: Swinging Strike 0-1: Foul Ball, location: 2F 0-2: Ground out 2-3 (Groundball, 2R, EV 68.8 MPH)
|
| Top of the 2nd over - 0 runs, 0 hits, 0 errors, 1 left on base; Idaho Falls 0 - Tucson 0 |
| BOTTOM OF THE 2ND |
|
Tucson Tarantulas batting - Pitching for Idaho Falls Chukars : RHP Bill Sampen
|
|
Batting: RHB Todd Dunn
|
0-0: Ball 1-0: Ball 2-0: SINGLE (Line Drive, 89S, EV 100.0 MPH)
|
|
Batting: LHB Jorge Fabregas
|
0-0: Ball 1-0: Swinging Strike 1-1: Ball 2-1: Ball 3-1: Called Strike 3-2: Foul Ball, location: 2F 3-2: Fielders Choice at 2nd, 4-6 (Groundball, 4M, EV 80.0 MPH)
|
|
Batting: SHB Hanley Frias
|
0-0: Fly out, F9 (Flyball, 9S, EV 94.4 MPH)
|
|
Batting: RHB Ralph Milliard
|
0-0: Called Strike 0-1: Ground out 1-3 (Groundball, P, EV 69.4 MPH)
|
| Bottom of the 2nd over - 0 runs, 1 hit, 0 errors, 1 left on base; Idaho Falls 0 - Tucson 0 |
| TOP OF THE 3RD |
|
Idaho Falls Chukars batting - Pitching for Tucson Tarantulas : RHP James Baldwin
|
|
Batting: LHB Dave Martinez
|
0-0: Called Strike 0-1: Swinging Strike 0-2: Fly out, F9 (Flyball, 89S, EV 90.0 MPH)
|
|
Batting: RHB Takahiro Suzuki
|
0-0: Called Strike 0-1: Ball 1-1: Called Strike 1-2: Foul Ball, location: 2F 1-2: Ground out 6-3 (Groundball, 6, EV 89.4 MPH)
|
|
Pitching: RHP Tim VanEgmond
|
|
|
Batting: RHB Dax Jones
|
0-0: Ball 1-0: Foul Ball, location: 2F 1-1: Ball 2-1: Ball 3-1: Base on Balls
|
|
Batting: LHB Dwight Smith
|
0-0: Called Strike 0-1: Foul Ball, location: 2F 0-2: Foul Ball, location: 2F 0-2: Fielders Choice at 2nd, 5-4 (Groundball, 56, EV 93.8 MPH)
|
| Top of the 3rd over - 0 runs, 0 hits, 0 errors, 1 left on base; Idaho Falls 0 - Tucson 0 |
| BOTTOM OF THE 3RD |
|
Tucson Tarantulas batting - Pitching for Idaho Falls Chukars : RHP Bill Sampen
|
|
Batting: RHB Barry Wesson
|
0-0: Fly out, F8 (Flyball, 89M, EV 86.3 MPH)
|
|
Batting: RHB Ray Holbert
|
0-0: Foul Ball, location: 2F 0-1: Called Strike 0-2: Ball 1-2: Ball 2-2: Fly out, F9 (Line Drive, 9, EV 90.0 MPH)
|
|
Batting: SHB Tony Clark
|
0-0: Ball 1-0: Ball 2-0: Called Strike 2-1: Ball 3-1: Ground out U3 (Groundball, 3L, EV 106.3 MPH)
|
| Bottom of the 3rd over - 0 runs, 0 hits, 0 errors, 0 left on base; Idaho Falls 0 - Tucson 0 |
| TOP OF THE 4TH |
|
Idaho Falls Chukars batting - Pitching for Tucson Tarantulas : RHP Tim VanEgmond
|
|
Batting: LHB Rico Brogna
|
0-0: Ball 1-0: Ball 2-0: Foul Ball, location: 2F 2-1: Swinging Strike 2-2: Ball 3-2: Strikes out swinging
|
|
Batting: RHB Mark Lewis
|
0-0: Ground out 3-1 (Groundball, 34S, EV 82.5 MPH)
|
|
Batting: SHB Marcus Jensen
|
0-0: Called Strike 0-1: Called Strike 0-2: Ball 1-2: Ball 2-2: Fly out, F6 (Line Drive, 6, EV 66.9 MPH)
|
| Top of the 4th over - 0 runs, 0 hits, 0 errors, 0 left on base; Idaho Falls 0 - Tucson 0 |
| BOTTOM OF THE 4TH |
|
Tucson Tarantulas batting - Pitching for Idaho Falls Chukars : RHP Bill Sampen
|
|
Batting: RHB Dave McCarty
|
0-0: Called Strike 0-1: Ball 1-1: Called Strike 1-2: Ball 2-2: Ball 3-2: Foul Ball, location: 2F 3-2: Foul Ball, location: 2F 3-2: Fly out, F3 (Popup, 3F, EV 70.0 MPH)
|
|
Batting: RHB Jack Voigt
|
0-0: Ball 1-0: Foul Ball, location: 2F 1-1: Ball 2-1: Called Strike 2-2: Fly out, F9 (Flyball, 9D, EV 96.3 MPH)
|
|
Batting: RHB Todd Dunn
|
0-0: Fly out, F3 (Popup, 3F, EV 63.8 MPH)
|
| Bottom of the 4th over - 0 runs, 0 hits, 0 errors, 0 left on base; Idaho Falls 0 - Tucson 0 |
| TOP OF THE 5TH |
|
Idaho Falls Chukars batting - Pitching for Tucson Tarantulas : RHP Tim VanEgmond
|
|
Batting: LHB Darren Daulton
|
0-0: Ball 1-0: Ball 2-0: DOUBLE (Line Drive, 78D, EV 100.0 MPH)
|
|
Batting: RHB Dave Hajek
|
0-0: Ball 1-0: Ground out 1-3 (Groundball, 13, EV 81.3 MPH) Darren Daulton to third
|
|
Batting: LHB Dave Martinez
|
0-0: Called Strike 0-1: Called Strike 0-2: Ball 1-2: Foul Ball, location: 2F 1-2: Strikes out swinging
|
|
Pitching: LHP Mark Langston
|
|
|
Batting: RHB Takahiro Suzuki
|
0-0: Fly out, F9 (Flyball, 9, EV 82.5 MPH)
|
| Top of the 5th over - 0 runs, 1 hit, 0 errors, 1 left on base; Idaho Falls 0 - Tucson 0 |
| BOTTOM OF THE 5TH |
|
Tucson Tarantulas batting - Pitching for Idaho Falls Chukars : RHP Bill Sampen
|
|
Batting: LHB Jorge Fabregas
|
0-0: Ground out U3 (Groundball, 3L, EV 81.9 MPH)
|
|
Batting: SHB Hanley Frias
|
0-0: Called Strike 0-1: Ball 1-1: Fly out, F7 (Flyball, 7LD, EV 95.6 MPH)
|
|
Batting: RHB Ralph Milliard
|
0-0: Ball 1-0: Ball 2-0: Called Strike 2-1: Foul Ball, location: 2F 2-2: Ball 3-2: Fly out, F9 (Flyball, 9, EV 95.0 MPH)
|
| Bottom of the 5th over - 0 runs, 0 hits, 0 errors, 0 left on base; Idaho Falls 0 - Tucson 0 |
| TOP OF THE 6TH |
|
Idaho Falls Chukars batting - Pitching for Tucson Tarantulas : LHP Mark Langston
|
|
Batting: RHB Dax Jones
|
0-0: Foul Ball, location: 2F 0-1: Called Strike 0-2: Ball 1-2: Foul Ball, location: 2F 1-2: Foul Ball, location: 2F 1-2: Ball 2-2: Strikes out swinging
|
|
Batting: LHB Dwight Smith
|
0-0: Ball 1-0: Foul Ball, location: 2F 1-1: Ground out U3 (Groundball, 3L, EV 104.4 MPH)
|
|
Batting: LHB Rico Brogna
|
0-0: Called Strike 0-1: Called Strike 0-2: Fly out, F8 (Flyball, 8LS, EV 80.0 MPH)
|
| Top of the 6th over - 0 runs, 0 hits, 0 errors, 0 left on base; Idaho Falls 0 - Tucson 0 |
| BOTTOM OF THE 6TH |
|
Tucson Tarantulas batting - Pitching for Idaho Falls Chukars : RHP Bill Sampen
|
|
Pitching: RHP Steve Montgomery
|
|
|
Batting: RHB Barry Wesson
|
0-0: Called Strike 0-1: Ball 1-1: Foul Ball, location: 2F 1-2: Ground out 6-3 (Groundball, 6M, EV 88.1 MPH)
|
|
Batting: RHB Ray Holbert
|
0-0: Called Strike 0-1: TRIPLE (Flyball, 78XD, EV 97.5 MPH)
|
|
Batting: SHB Tony Clark
|
0-0: Called Strike 0-1: Ball 1-1: Foul Ball, location: 2F 1-2: Ball 2-2: Strikes out swinging
|
|
Batting: RHB Dave McCarty
|
0-0: Foul Ball, location: 2F 0-1: Ball 1-1: Ball 2-1: Ball 3-1: Foul Ball, location: 2F 3-2: Base on Balls
|
|
Batting: RHB Jack Voigt
|
0-0: Foul Ball, location: 2F 0-1: Foul Ball, location: 2F 0-2: Foul Ball, location: 2F 0-2: Ball 1-2: Ball 2-2: Fly out, F7 (Flyball, 7LMF, EV 101.3 MPH)
|
| Bottom of the 6th over - 0 runs, 1 hit, 0 errors, 2 left on base; Idaho Falls 0 - Tucson 0 |
| TOP OF THE 7TH |
|
Idaho Falls Chukars batting - Pitching for Tucson Tarantulas : LHP Mark Langston
|
|
Batting: RHB Mark Lewis
|
0-0: SINGLE (Groundball, 15, EV 63.8 MPH) (infield hit)
|
|
Batting: SHB Marcus Jensen
|
0-0: Swinging Strike 0-1: Ball 1-1: Foul Ball, location: 2F 1-2: Ball 2-2: DOUBLE (Line Drive, 7LM, EV 110.0 MPH) Mark Lewis to third Runner from 3rd tries for Home, SAFE, throw by LF to home
|
|
Batting: LHB Darren Daulton
|
0-0: Swinging Strike 0-1: Called Strike 0-2: Ball 1-2: Ball 2-2: Strikes out swinging
|
|
Batting: RHB Dave Hajek
|
0-0: Intentional Walk
|
|
Batting: LHB Dave Martinez
|
0-0: Ball 1-0: Foul Ball, location: 2F 1-1: Fielders Choice at 2nd, 4-6 (Groundball, 4, EV 91.3 MPH) Marcus Jensen to third
|
|
Batting: RHB Takahiro Suzuki
|
0-0: Ball 1-0: Foul Ball, location: 2F 1-1: Called Strike 1-2: Ground out 4-3 (Groundball, 34, EV 96.9 MPH)
|
| Top of the 7th over - 1 run, 2 hits, 0 errors, 2 left on base; Idaho Falls 1 - Tucson 0 |
| BOTTOM OF THE 7TH |
|
Tucson Tarantulas batting - Pitching for Idaho Falls Chukars : RHP Steve Montgomery
|
|
Batting: RHB Todd Dunn
|
0-0: Fly out, F8 (Flyball, 89M, EV 91.9 MPH)
|
|
Batting: LHB Jorge Fabregas
|
0-0: Ground out 5-3 (Groundball, 5L, EV 98.8 MPH)
|
|
Batting: SHB Hanley Frias
|
0-0: Foul Ball, location: 2F 0-1: Called Strike 0-2: Strikes out swinging
|
| Bottom of the 7th over - 0 runs, 0 hits, 0 errors, 0 left on base; Idaho Falls 1 - Tucson 0 |
| TOP OF THE 8TH |
|
Idaho Falls Chukars batting - Pitching for Tucson Tarantulas : LHP Mark Langston
|
|
Batting: RHB Dax Jones
|
0-0: Ball 1-0: Ball 2-0: Ball 3-0: Called Strike 3-1: Base on Balls
|
|
Pitching: RHP Jeff Shaw
|
|
|
Batting: LHB Dwight Smith
|
0-0: Ball 1-0: Called Strike 1-1: Ball 2-1: SINGLE (Line Drive, 6D, EV 94.4 MPH) Dax Jones to second
|
|
Batting: LHB Rico Brogna
|
0-0: SINGLE (Groundball, 4D, EV 109.4 MPH) Dax Jones to third Dwight Smith to second Runner from 3rd tries for Home, SAFE, throw by CF to home
|
|
Batting: RHB Mark Lewis
|
0-0: Ball 1-0: Foul Ball, location: 2F 1-1: Grounds into double play, 6-4-3 (Groundball, 6, EV 105.0 MPH) Dwight Smith to third
|
|
Batting: SHB Marcus Jensen
|
0-0: Ball 1-0: Ball 2-0: Ball 3-0: Called Strike 3-1: Fly out, F8 (Flyball, 8RXD, EV 103.1 MPH)
|
| Top of the 8th over - 1 run, 2 hits, 0 errors, 1 left on base; Idaho Falls 2 - Tucson 0 |
| BOTTOM OF THE 8TH |
|
Tucson Tarantulas batting - Pitching for Idaho Falls Chukars : RHP Steve Montgomery
|
|
Batting: RHB Ralph Milliard
|
0-0: Ball 1-0: Swinging Strike 1-1: Called Strike 1-2: Fly out, F9 (Line Drive, 9, EV 107.5 MPH)
|
|
Batting: RHB Barry Wesson
|
0-0: Swinging Strike 0-1: Called Strike 0-2: Ball 1-2: Ball 2-2: Foul Ball, location: 2F 2-2: Foul Ball, location: 2F 2-2: Foul Ball, location: 2F 2-2: Ball 3-2: Strikes out looking
|
|
Batting: RHB Ray Holbert
|
0-0: Called Strike 0-1: Ball 1-1: Ball 2-1: Ball 3-1: Base on Balls
|
|
Pitching: RHP Jeff Schwarz
|
|
|
Batting: SHB Tony Clark
|
0-0: Ball 1-0: Ground out 1-3 (Groundball, 34S, EV 71.3 MPH)
|
| Bottom of the 8th over - 0 runs, 0 hits, 0 errors, 1 left on base; Idaho Falls 2 - Tucson 0 |
| TOP OF THE 9TH |
|
Idaho Falls Chukars batting - Pitching for Tucson Tarantulas : RHP Jeff Shaw
|
|
Batting: LHB Darren Daulton
|
0-0: Ball 1-0: Foul Ball, location: 2F 1-1: SOLO HOME RUN (Flyball, 7D, EV 109.4 MPH), Distance : 382 ft
|
|
Batting: RHB Dave Hajek
|
0-0: Ball 1-0: Ball 2-0: Ball 3-0: Base on Balls
|
|
Batting: LHB Dave Martinez
|
0-0: DOUBLE (Groundball, 5L, EV 95.0 MPH) Dave Hajek to third
|
|
Batting: RHB Takahiro Suzuki
|
0-0: Swinging Strike 0-1: Foul Ball, location: 2F 0-2: Ball 1-2: Ball 2-2: Ball 3-2: Fly out, F4 (Popup, 3S, EV 71.3 MPH)
|
|
Pitching: RHP Calvin Schiraldi
|
|
|
Batting: RHB Dax Jones
|
0-0: Foul Ball, location: 2F 0-1: Ball 1-1: Fly out, F8 (Line Drive, 8LM, EV 105.0 MPH) Runner from 3rd tags up, SCORES, throw by CF
|
|
Batting: LHB Dwight Smith
|
0-0: Ball 1-0: Called Strike 1-1: Foul Ball, location: 2F 1-2: Strikes out swinging
|
| Top of the 9th over - 2 runs, 2 hits, 0 errors, 1 left on base; Idaho Falls 4 - Tucson 0 |
| BOTTOM OF THE 9TH |
|
Tucson Tarantulas batting - Pitching for Idaho Falls Chukars : RHP Jeff Schwarz
|
|
Batting: RHB Dave McCarty
|
0-0: Called Strike 0-1: Ball 1-1: Ball 2-1: Ball 3-1: Base on Balls
|
|
Batting: RHB Jack Voigt
|
0-0: Called Strike 0-1: Foul Ball, location: 2F 0-2: Grounds into double play, 5-4-3 (Groundball, 56, EV 89.4 MPH)
|
|
Batting: RHB Todd Dunn
|
0-0: Ball 1-0: Called Strike 1-1: Swinging Strike 1-2: Strikes out swinging
|
| Bottom of the 9th over - 0 runs, 0 hits, 0 errors, 0 left on base; Idaho Falls 4 - Tucson 0 |
|